 Dungeon Crawl Stone Soup version 0.18-a0-1312-gf98331d (webtiles) character file.

19 Reinor the Ducker (level 2, -1/16 HPs)
             Began as a Spriggan Abyssal Knight on Feb 14, 2016.
             Was a Follower of Lugonu.
             Killed from afar by Sigmund (8 damage)
             ... with a puff of flame
             ... on level 2 of the Dungeon.
             The game lasted 00:02:15 (933 turns).

Reinor the Ducker (Spriggan Abyssal Knight)          Turns: 933, Time: 00:02:15

Health: -1/16      AC:  2    Str:  8    XL:     2   Next: 55%
Magic:  4/4        EV: 18    Int: 13    God:    Lugonu [*.....]
Gold:   46         SH:  0    Dex: 15    Spells: 0 memorised, 1 level left

rFire  . . .     SeeInvis +     a - +1 short sword
rCold  . . .     Gourm    .     b - +0 robe
rNeg   . . .     Faith    .     (shield restricted)
rPois  .         Spirit   .     (helmet restricted)
rElec  .         Dismiss  .     (no cloak)
rCorr  .         Reflect  .     (gloves unavailable)
SustAt .         Harm     .     (boots unavailable)
MR     .....                    (no amulet)
Stlth  +.........               (no ring)
                                (no ring)

@: confused, very quick, not resistant to hostile enchantments, very unstealthy
A: unfitting armour, see invisible, herbivore 3, speed 3, slow metabolism 2
a: Depart the Abyss, Renounce Religion


You were on level 2 of the Dungeon.
You worshipped Lugonu.
Lugonu was aware of your devotion.
You were not hungry.

You visited 1 branch of the dungeon, and saw 2 of its levels.
You visited the Abyss 1 time.

You collected 46 gold pieces.

Inventory:

Hand Weapons
 a - a +1 short sword (weapon)
Missiles
 f - 7 tomahawks (quivered)
 g - 14 poisoned needles
Armour
 b - a +0 robe (worn)
Jewellery
 i - an uncursed ring of ice
Scrolls
 d - a scroll of recharging {unknown}
 k - a scroll of remove curse {unknown}
Potions
 e - 3 potions of curing
 h - a potion of heal wounds {unknown}
 j - a potion of mutation {unknown}
Comestibles
 c - 3 bread rations


   Skills:
 - Level 2.4 Fighting
 + Level 2.9 Short Blades
 - Level 3.5 Dodging
 + Level 2.4 Stealth
 - Level 1.7 Invocations


You had one spell level left.
You didn't know any spells.

Dungeon Overview and Level Annotations

Branches:
Dungeon (2/15)

Altars:

Annotations:
D:2 Sigmund


Innate Abilities, Weirdness & Mutations

You are tiny and cannot use many weapons and most armour.
You have supernaturally acute eyesight.
You are an herbivore.
You cover ground extremely quickly.
You need consume almost no food.


Message History

Sigmund is almost dead.
Sigmund casts a spell at you.
You are confused.
You barely miss Sigmund.
Sigmund is almost dead.
Sigmund mumbles some strange words.
Sigmund flickers and vanishes for a moment.
You miss Sigmund.
Sigmund is almost dead.
Sigmund barely misses you.
You bump into the rock wall.
Sigmund completely misses you.
You miss Sigmund.
Sigmund is almost dead.
Sigmund completely misses you.
You barely miss Sigmund.
Sigmund is almost dead.
Sigmund points at you and mumbles some strange words.
The puff of flame hits you!
Ouch! That really hurt!
You die...

.. .# .# .# #+# ###
.# #####.# ##.## .#
...#.# ##...###@#
###.#.###......@.#
.#..............###
.#.#.....#.....##
....)...###...##
##.###.## ##.##
...# #.# ### ####
#.# #.# #.#


You could see Sigmund (invisible).

Vanquished Creatures
  An ooze (D:1)
  2 bats (D:1)
  2 goblins (D:1)
  A hobgoblin (D:1)
  5 kobolds
  4 rats
15 creatures vanquished.

Notes
Turn   | Place    | Note
--------------------------------------------------------------
     0 | Abyss:1  | Reinor the Spriggan Abyssal Knight began the quest for the Orb.
     0 | Abyss:1  | Reached XP level 1. HP: 11/11 MP: 3/3
    41 | Abyss:2  | Noticed a sun demon
    84 | Abyss:2  | Noticed a small abomination
    97 | Abyss:2  | Noticed a starcursed mass
   103 | Abyss:2  | Noticed a storm dragon zombie
   103 | Abyss:2  | Noticed a hell hound
   104 | D:1      | Escaped the Abyss
   301 | D:1      | Reached skill level 1 in Stealth
   602 | D:1      | Reached XP level 2. HP: 11/16 MP: 4/4
   623 | D:1      | Reached * piety under Lugonu
   909 | D:2      | Noticed Sigmund
   933 | D:2      | Killed from afar by Sigmund

Vault maps used:
D:1:      dpeg_arrival_rhombi
D:2:      uniq_sigmund, uniq_jessica

Action                   || total
-------------------------++-------
Melee: Short sword       ||    54
Throw: Tomahawk          ||     3
Invok: Depart the Abyss  ||     1
  Use: Scroll            ||     3
 Stab: Sleeping          ||     4
